 Dungeon Crawl Stone Soup version 0.27-a0-1105-g946c659c87 (webtiles) character file.

Game seed: 1557667428820578856

597 1player the Fighter (level 7, 0/81 HPs)
             Began as an Ogre Delver on Apr 30, 2021.
             Killed from afar by Eustachio (7 damage)
             ... with a puff of flame
             ... on level 5 of the Dungeon.
             The game lasted 00:11:42 (6509 turns).

1player the Fighter (Ogre Delver)                   Turns: 6509, Time: 00:11:42

Health: 0/81       AC:  4    Str: 17    XL:     7   Next: 40%
Magic:  7/7        EV: 11    Int: 11    God:
Gold:   228        SH:  0    Dex: 12    Spells: 6/6 levels left

rFire    . . .     SeeInvis .   a - +0 spear
rCold    . . .     Faith    .   (no shield)
rNeg     . . .     Spirit   .   b - +0 robe
rPois    .         Reflect  .   (helmet restricted)
rElec    .         Harm     .   q - +0 cloak
rCorr    .         Rampage  .   (gloves unavailable)
Will     .....                  (boots unavailable)
Stlth    ++........             (no amulet)
HPRegen  0.23/turn              y - ring of wizardry
MPRegen  0.10/turn              (no ring)

@: no status effects
A: large, unfitting armour, tough skin 1
a: no special abilities


You were on level 5 of the Dungeon.
You visited 1 branch of the dungeon, and saw 5 of its levels.

You collected 228 gold pieces.

Inventory:

Hand Weapons
 a - a +0 spear (weapon)
 p - a +4 quarterstaff of chaos
 r - a +1 vorpal mace
Missiles
 o - 6 poisoned darts (quivered)
 t - 3 boomerangs
 u - 8 curare-tipped darts
Armour
 b - a +0 robe (worn)
 q - a +0 cloak (worn)
Jewellery
 y - a ring of wizardry (left hand)
 B - a ring of willpower
Wands
 g - a wand of digging (3)
Scrolls
 c - a scroll of fog
 d - a scroll of magic mapping
 e - 2 scrolls of fear
 s - a scroll of blinking {unknown}
 v - a scroll of noise {unknown}
 x - a scroll of vulnerability {unknown}
 A - a scroll of enchant armour {unknown}
Potions
 h - a potion of flight
 i - a potion of heal wounds {@q2}
 j - 2 potions of curing {@q1}
 l - 2 potions of brilliance
 m - a potion of haste
 w - a potion of degeneration {unknown}
 z - a potion of mutation {unknown}


   Skills:
 + Level 8.6 Fighting
 - Level 2.0 Polearms
 + Level 4.9 Dodging
 - Level 3.7 Stealth


You had 6 spell levels left.
You didn't know any spells.
Your spell library contained the following spells:

 Spells                   Type           Power      Damage    Failure   Level
 Animate Skeleton         Necr           0%         N/A       14%         1
 Pain                     Necr           0%         1d4       14%         1
 Vampiric Draining        Necr           0%         2d6       38%         3
 Animate Dead             Necr           0%         N/A       77%         4
 Agony                    Necr           0%         N/A       98%         5


Dungeon Overview and Level Annotations

Branches:
Dungeon (5/15)
 Temple: D:4-7

Altars:
Makhleb

Annotations:
D:5 Eustachio


Innate Abilities, Weirdness & Mutations

You are too large for most types of armour.
You have tough skin. (AC +1)


Message History

The bat completely misses you. The river rat bites you! The quokka misses you.
The quokka barely misses you.
Throw: 7 darts (poison)
Press: ? - help, Q - select action, (/) - cycle Shift-Dir - straight line, f/p - Eustachio
Aim: Eustachio, wielding a +0 rapier of venom, wearing a +3 leather armour of cold resistance and carrying a wand of flame (12) (moderately wounded, extremely poisoned, 51% to hit)
You throw a poisoned dart.
The poisoned dart closely misses Eustachio.
The bat closely misses you. The river rat bites you.
The quokka completely misses you. The quokka bites you.
Eustachio gestures wildly while chanting.
Eustachio blinks!
The quokka bites you but does no damage.
The quokka misses you. The river rat barely misses you.
The quokka closely misses you. The bat hits you but does no damage.
The quokka completely misses you. The bat closely misses you.
The river rat bites you.
Eustachio casts a spell.
The quokka barely misses you.
The quokka bites you but does no damage.
The bat hits you but does no damage. The river rat closely misses you.
Eustachio mumbles some strange words.
Eustachio blinks!
The quokka bites you. The quokka barely misses you.
The bat hits you but does no damage. The bat misses you.
The river rat closely misses you.
The quokka bites you but does no damage.
The quokka misses you. The bat misses you. The bat barely misses you.
The river rat closely misses you. The quokka bites you.
Eustachio zaps a wand.
The puff of flame hits you!
* * * LOW HITPOINT WARNING * * *
The quokka barely misses you. The bat hits you but does no damage.
The quokka bites you.
* * * LOW HITPOINT WARNING * * *
The river rat bites you!
* * * LOW HITPOINT WARNING * * *
The quokka barely misses you.
Eustachio zaps a wand.
The puff of flame hits you!
You die...

....#..............#.............
............#.....##.............
..#.##....##......##.............
..#.#.....#.(.....##.(#..........
.......#....#.....#.(5.5..#######
..........###((....5..##.##
....#...### #..b......##.#
#.#.....# #..r..@..###.#
..###...# ###..r@..#.# #.#
........###....(.r.#.# #.#
..#).....#..#.....#..# #.#
.........#.##...(...## #.#
..##.##............## #.########
...#..............######.#.).....
..)............##......#.#.....>.
...#...........#######...........
...#...........# ###.........


You could see Eustachio (very poisoned), 2 iron imps, a crimson imp (summoned),
a river rat (summoned), 2 quokkas and a bat (summoned).

Vanquished Creatures
  A hornet zombie (D:5)
  A black bear (D:4)
  A centaur (D:4)
  A scorpion (D:5)
  A hound (D:4)
  Crazy Yiuf (D:2)
  An orc priest (D:3)
  A centaur skeleton (D:5)
  Jessica (D:2)
  An iguana (D:4)
  A howler monkey skeleton (D:4)
  3 adders
  3 worms
  4 dart slugs
  3 orcs
  9 ball pythons
  5 bats
  10 endoplasms
  A giant cockroach (D:4)
  8 goblins
  6 hobgoblins
  3 jackals (D:3)
  3 quokkas
  A frilled lizard (D:3)
  9 kobolds
  3 rats
82 creatures vanquished.

Notes
Turn   | Place    | Note
-------+----------+-------------------------------------------
     0 | D:5      | 1player the Ogre Delver began the quest for the Orb.
     0 | D:5      | Reached XP level 1. HP: 24/24 MP: 1/1
    11 | D:5      | Noticed a centaur
   270 | D:4      | Reached XP level 2. HP: 29/33 MP: 2/2
   383 | D:4      | Noticed a black bear
   668 | D:4      | Reached skill level 5 in Fighting
   668 | D:4      | Reached XP level 3. HP: 7/42 MP: 3/3
  1355 | D:3      | Reached XP level 4. HP: 52/52 MP: 4/4
  1628 | D:2      | Found a runed translucent door.
  1629 | D:2      | Noticed Crazy Yiuf
  1651 | D:2      | Killed Crazy Yiuf
  1652 | D:2      | Reached skill level 6 in Fighting
  2101 | D:1      | Reached XP level 5. HP: 61/61 MP: 5/5
  2722 | D:2      | Noticed Jessica
  2743 | D:2      | Killed Jessica
  3590 | D:3      | Found a burning altar of Makhleb.
  3766 | D:3      | Reached skill level 7 in Fighting
  4355 | D:3      | Reached XP level 6. HP: 49/71 MP: 6/6
  4959 | D:4      | Killed a black bear
  5241 | D:4      | Reached skill level 8 in Fighting
  5241 | D:4      | Reached XP level 7. HP: 44/80 MP: 7/7
  6476 | D:5      | Noticed Eustachio
  6509 | D:5      | Killed from afar by Eustachio

Illustrated notes

Levels and vault maps discovered:
D:1:      scummos_arrival_gate, layout_loops_ring, minmay_tripent
D:2:      layout_loops_cross, uniq_crazy_yiuf_cottage, uniq_jessica
D:3:      layout_loops_cross, overflow_temple_1_default
D:4:      layout_loops_cross
D:5:      layout_rooms, uniq_eustachio

Skill      XL: |  1  2  3  4  5  6 |
---------------+-------------------+-----
Dodging        | 2 3 4 |  4.9
Fighting       | 5 6 7 8 |  8.6
Polearms       | |  2.0
Stealth        | |  3.7

Action                   |  1- 3 |  4- 6 |  7- 9 || total
-------------------------+-------+-------+-------++-------
Melee: Spear             |    55 |   322 |    24 ||   401
       Quarterstaff      |       |       |     9 ||     9
       Mace              |       |       |     5 ||     5
Throw: Dart              |       |    37 |    15 ||    52
  Use: Potion            |     1 |     1 |       ||     2
       Scroll            |       |     3 |     1 ||     4
 Stab: Sleeping          |     3 |    15 |       ||    18
       Distracted        |       |     1 |       ||     1
Armor: Robe              |    15 |    84 |    19 ||   118
Dodge: Dodged            |    31 |   160 |    62 ||   253

Table legend: (Time is in decaauts)
 A = Elapsed time spent in this place.
 B = Non-inter-level travel time spent in this place.
 C = Inter-level travel time spent in this place.
 D = Time resting spent in this place.
 E = Time spent auto-exploring this place.
 F = Levels seen in this place.
 G = Mean time per level.
                   A        B        C        D        E       F      G
               +--------+--------+--------+--------+--------+-----+--------+
         Total |   6501 |   6337 |    164 |   2292 |   2550 |   5 | 1300.2 |
       Dungeon |   6501 |   6337 |    164 |   2292 |   2550 |   5 | 1300.2 |
               +--------+--------+--------+--------+--------+-----+--------+

Top non-repeatable levels by time:
     D:4: 2872 daAuts
     D:3: 1148 daAuts
     D:2: 1040 daAuts
     D:1: 932 daAuts
     D:5: 506 daAuts
